 Dungeon Crawl Stone Soup version 0.28-a0-511-gcc94558de3 (webtiles) character file.

Game seed: 12176676047736668276

63 meatgazer the Unweaver (level 3, -4/45 HPs)
             Began as a Demonspawn Abyssal Knight on Sept 21, 2021.
             Was a Follower of Lugonu.
             Killed by divine providence
             ... invoked by an orc priest
              (14 damage)
             ... on level 2 of the Dungeon.
             The game lasted 00:03:07 (1875 turns).

meatgazer the Unweaver (Demonspawn Abyssal Knight)  Turns: 1875, Time: 00:03:07

Health: -4/45      AC: 21    Str: 14    XL:     3   Next: 87%
Magic:  5/5        EV:  2    Int: 11    God:    Lugonu [*.....]
Gold:   27         SH:  0    Dex: 13    Spells: 2/2 levels left

rFire   . . .      SeeInvis .   a - +2 falchion
rCold   . . .      Faith    .   (no shield)
rNeg    + + +      Spirit   .   (armour currently unavailable)
rPois   +          Reflect  .   (helmet currently unavailable)
rElec   .          Harm     .   (cloak currently unavailable)
rCorr   .          Rampage  .   (gloves currently unavailable)
Will    .....      NoTele   +   (boots currently unavailable)
Stlth   +.........              (no amulet)
HPRegen 0.15/turn               (no ring)
MPRegen 0.09/turn               (no ring)

@: mighty, tree-form, attractive
A: stationary, stasis, torment immunity, boosted hp, (thin metallic scales 2)
a: Renounce Religion, Depart the Abyss


You were on level 2 of the Dungeon.
You worshipped Lugonu.
Lugonu was aware of your devotion.
You were a tree.
You visited 1 branch of the dungeon, and saw 2 of its levels.
You visited the Abyss 1 time.

You collected 27 gold pieces.

Inventory:

Hand Weapons
 a - a +2 falchion (weapon)
Armour
 b - a +1 leather armour (melded)


   Skills:
 + Level 3.7 Fighting
 + Level 2.3 Long Blades
 - Level 1.9 Armour
 - Level 0.8 Dodging
 * Level 3.8 Invocations


You had 2 spell levels left.
You didn't know any spells.
Your spell library was empty.

Dungeon Overview and Level Annotations

Branches:
Dungeon (2/15)

Altars:

Shops:
D:1 :   D:2 *


Innate Abilities, Weirdness & Mutations

You are a tree.
Your roots penetrate the ground, keeping you stationary.
You cannot be teleported.
You are immune to unholy pain and torment.
Your maximum health is greatly increased.
Your equipment is partially melded.
((You are mostly covered in thin metallic scales. (AC +3)))


Message History

You cannot move.
You cannot move.
You slash the orc!
You kill the orc!
Lugonu accepts your kill.
The orc priest hits you but does no damage.
Something hits you.
You cannot move.
You barely miss the rat. The rat bites you but does no damage.
The orc priest hits you but does no damage.
Something hits you but does no damage. The rat barely misses you.
You slash the rat!
You kill the rat!
Lugonu accepts your kill.
The orc priest hits you but does no damage.
Something hits you but does no damage.
The orc priest calls down the wrath of Beogh upon you.
Beogh smites you!
* * * LOW HITPOINT WARNING * * *
You cannot move.
Hit: a) +2 falchion
Press: ? - help, Dir - move target You closely miss something.
Something hits you but does no damage. The orc priest completely misses you.
Hit: a) +2 falchion
Press: ? - help, Dir - move target You closely miss something.
Something hits you but does no damage.
The orc priest hits you but does no damage.
Something hits you but does no damage.
Hit: a) +2 falchion
Press: ? - help, Dir - move target You miss something.
The orc priest hits you but does no damage.
Something hits you but does no damage.
Hit: a) +2 falchion
Press: ? - help, Dir - move target You slash something!
The orc priest invokes the aid of Beogh against you.
Beogh smites you!
You die...

. .. (.. ......
......
.......##########
.......{♣.......#
>....o)).......#
.#'#.............#
...#.............#
#..#.............#
.................#
.................#
........##########
........####


You could see an orc priest.

Vanquished Creatures
  An adder (D:2)
  An ufetubus (Abyss:1)
  2 dart slugs (D:1)
  3 orcs (D:2)
  5 endoplasms
  3 goblins
  2 hobgoblins (D:1)
  3 jackals (D:1)
  2 kobolds (D:1)
  2 quokkas (D:1)
  3 ball pythons (D:1)
  6 bats
  2 frilled lizards (D:1)
  4 rats
39 creatures vanquished.

Notes
Turn   | Place    | Note
-------+----------+-------------------------------------------
     0 | Abyss:1  | meatgazer the Demonspawn Abyssal Knight began the quest for
                  | the Orb.
     0 | Abyss:1  | Reached XP level 1. HP: 18/18 MP: 2/2
    54 | Abyss:1  | Noticed an ancient zyme
    68 | D:1      | Escaped the Abyss
   405 | D:1      | Gained mutation: You are partially covered in thin metallic
                  | scales. (AC +2) [demonic ancestry]
   405 | D:1      | Reached XP level 2. HP: 24/24 MP: 3/3
   686 | D:1      | Reached * piety under Lugonu
   961 | D:1      | Gained mutation: You are mostly covered in thin metallic
                  | scales. (AC +3) [demonic ancestry]
   961 | D:1      | Reached XP level 3. HP: 27/29 MP: 5/5
  1315 | D:1      | Found Zyttaah's Book Boutique.
  1719 | D:2      | Found Oraarani's Assorted Antiques.
  1875 | D:2      | Killed from afar by an orc priest

Illustrated notes

Levels and vault maps discovered:
D:1:      elethiomel_arrival_infinity_welcomes_careful_drivers, layout_basic,
          serial_shops, shop_fountains
D:2:      layout_basic, serial_shops, nicolae_diamond_shop,
          roderic_serpentine_path, uniq_robin

Skill      XL: |  1  2 |
---------------+-------+-----
Long Blades    | 2 |  2.3
Invocations    | 3 |  3.8
Fighting       | |  3.7
Armour         | |  1.9
Dodging        | |  0.8

Action                   || total
-------------------------++-------
Melee: Falchion          ||   113
Invok: Depart the Abyss  ||     1
  Use: Scroll            ||     4
       Potion            ||     4
Armor: Leather armour    ||    49
       Skin              ||    24
Dodge: Dodged            ||    83

Table legend: (Time is in decaauts)
 A = Elapsed time spent in this place.
 B = Non-inter-level travel time spent in this place.
 C = Inter-level travel time spent in this place.
 D = Time resting spent in this place.
 E = Time spent auto-exploring this place.
 F = Levels seen in this place.
 G = Mean time per level.
                   A        B        C        D        E       F      G
               +--------+--------+--------+--------+--------+-----+--------+
         Total |   1900 |   1883 |     17 |    298 |   1309 |   3 |  633.3 |
       Dungeon |   1827 |   1810 |     17 |    298 |   1254 |   2 |  913.5 |
         Abyss |     72 |     72 |      0 |      0 |     55 |   1 |   72.0 |
               +--------+--------+--------+--------+--------+-----+--------+

Top non-repeatable levels by time:
     D:1: 1602 daAuts
     D:2: 225 daAuts
 Abyss:1: 72 daAuts
